 Dungeon Crawl Stone Soup version 0.31-a0-4-gefa6de2278 (webtiles) character file.

Game seed: 1672643191777903360

56616 retardedninja the Thaumaturge (level 14, -13/109 HPs)
             Began as a Gnoll Fire Elementalist on May 3, 2023.
             Was the Champion of Cheibriados.
             Killed from afar by a shock serpent (19 damage)
             ... with a bolt of electricity
             ... on level 1 of the Snake Pit on May 4, 2023.
             The game lasted 00:45:02 (33380 turns).

retardedninja the Thaumaturge (GnFE)               Turns: 33380, Time: 00:45:02

Health: -13/109    AC: 16    Str: 28    XL:     14   Next: 82%
Magic:  24/29      EV: 23    Int: 34    God:    Cheibriados [******]
Gold:   1553       SH:  5    Dex: 28    Spells: 19/35 levels left

rFire   + . .        n - +4 scimitar (flame)
rCold   x . .        (no shield)
rNeg    + . .        D - +1 robe of the Narrow God {rN+ rCorr Str+2}
rPois   .            t - +2 helmet
rElec   .            q - +2 cloak
rCorr   +            K - +1 pair of gloves {Str+3}
SInv    .            p - +2 pair of boots
Will    ++...        x - amulet of reflection
Stlth   +++++        f - ring of willpower
HPRegen 0.38/turn    a - ring of fire
MPRegen 0.21/turn

%: reflection
@: very slow
A: fangs 1, strong nose, distributed training
a: Renounce Religion, Bend Time, Temporal Distortion, Slouch, Step From Time


You were on level 1 of the Snake Pit.
You worshipped Cheibriados.
Cheibriados was exalted by your worship.
You visited 5 branches of the dungeon, and saw 20 of its levels.
You visited 1 bazaar.

You collected 2051 gold pieces.
You spent 498 gold pieces at shops.

Inventory:

Hand Weapons
 n - a +4 scimitar of flaming (weapon)
Missiles
 l - 6 throwing nets
Armour
 p - a +2 pair of boots (worn)
 q - a +2 cloak (worn)
 t - a +2 helmet (worn)
 D - the +1 robe of the Narrow God (worn) {rN+ rCorr Str+2}
   (You bought it in a shop in a bazaar)

   Str:       It affects your strength (+2).
   rN:        It protects you from negative energy.
   rCorr:     It protects you from acid and corrosion.
 K - a +1 pair of gloves of strength (worn)
Jewellery
 a - a ring of fire (right hand)
 f - a ring of willpower (left hand)
 s - a ring of protection from cold
 x - an amulet of reflection (around neck)
 J - a +4 ring of slaying
Wands
 d - a wand of polymorph (7)
 j - a wand of charming (12)
 v - a wand of flame (14)
 G - a wand of iceblast (8)
Scrolls
 e - a scroll of silence {unknown}
 g - a scroll of fog {unknown}
 i - 8 scrolls of amnesia
 r - a scroll of immolation
 w - a scroll of poison
 C - 4 scrolls of fear
 M - a scroll of brand weapon
Potions
 c - 3 potions of berserk rage
 m - a potion of ambrosia
 o - 3 potions of flight
 u - 3 potions of degeneration
 z - 3 potions of attraction
 A - 3 potions of brilliance
 B - 3 potions of resistance
 E - a potion of lignification
 I - a potion of might
 L - 2 potions of mutation
Miscellaneous
 F - a box of beasts
 H - a phial of floods (inert)


   Skills:
 + Level 9.9 Fighting
 + Level 9.9 Short Blades
 + Level 9.9 Long Blades
 + Level 9.9 Axes
 + Level 9.9 Maces & Flails
 + Level 9.9 Polearms
 + Level 9.9 Staves
 + Level 9.9 Ranged Weapons
 + Level 9.9 Throwing
 + Level 9.9 Armour
 + Level 10.9 Dodging
 + Level 10.7 Stealth
 + Level 9.9 Shields
 + Level 9.9 Unarmed Combat
 + Level 11.1 Spellcasting
 + Level 8.6 Conjurations
 + Level 8.3 Hexes
 + Level 8.3 Summonings
 + Level 8.3 Necromancy
 + Level 8.3 Translocations
 + Level 8.3 Transmutations
 + Level 10.0 Fire Magic
 + Level 8.3 Ice Magic
 + Level 8.3 Air Magic
 + Level 8.3 Earth Magic
 + Level 8.3 Poison Magic
 + Level 10.8 Invocations
 + Level 9.9 Evocations


You had 19 spell levels left.
You knew the following spells:

 Your Spells              Type           Power      Damage    Failure   Level
a - Foxfire               Conj/Fire      100%       2x1d9     1%          1
b - Scorch                Fire           100%       2d9       1%          2
c - Flame Wave            Conj/Fire      89%        2d19      1%          4
d - Inner Flame           Hex/Fire       89%        N/A       1%          3
e - Plasma Beam           Fire/Air       44%        2x1d64    9%          6

Your spell library contained the following spells:

 Spells                   Type           Power      Damage    Failure   Level
 Apportation              Tloc           100%       N/A       1%          1
 Sting                    Tmut/Pois      100%       1d8       1%          1
 Blink                    Tloc           100%       N/A       1%          2
 Poisonous Vapours        Pois/Air       100%       N/A       1%          2
 Gell's Gravitas          Tloc           66%        N/A       1%          3
 Teleport Other           Tloc           66%        N/A       1%          3
 Vhi's Electric Charge    Tloc/Air       100%       N/A       1%          3
 Volatile Blastmotes      Fire/Tloc      100%       2d18      1%          3
 Manifold Assault         Tloc           66%        N/A       1%          4
 Olgreb's Toxic Radiance  Pois           66%        N/A       1%          4
 Sticky Flame             Conj/Fire      89%        2d10      1%          4
 Arcjolt                  Conj/Air       33%        1d43      1%          5
 Alistair's Intoxication  Tmut/Pois      44%        N/A       2%          5
 Dispersal                Tloc           33%        N/A       12%         6
 Malign Gateway           Summ/Tloc      33%        N/A       54%         7
 Storm Form               Tmut/Air       33%        N/A       54%         7
 Disjunction              Tloc           33%        N/A       99%         8
 Summon Horrible Things   Summ           33%        N/A       99%         8


Dungeon Overview and Level Annotations

Branches:
Dungeon (11/15)            Temple (1/1) D:5            Lair (5/5) D:11
 Shoals (0/4) Lair:2        Snake (1/4) Lair:3        Slime (0/5) Lair:5
    Orc (2/2) D:11            Elf (0/3) Orc:2

Altars:
Ashenzari
Cheibriados
Dithmenos
Elyvilon
Fedhas
Gozag
Hepliaklqana
Kikubaaqudgha
Makhleb
Nemelex Xobeh
Okawaru
Qazlal
Ru
Sif Muna
Trog
Uskayaw
Vehumet
Wu Jian
Xom
Yredelemnul
Zin
The Shining One
Jiyva

Shops:
D:1 (*!   D:5 :   Orc:1 :   Orc:2 :(*[

Annotations:
D:7 2 transporters, RealBenFromCanada's ghost, novice DrFE


Innate Abilities, Weirdness & Mutations

You have very sharp teeth.
Your uncanny sense of smell can sniff out nearby items.
Your experience applies equally to all skills.


Message History

The shock serpent shoots out a bolt of lightning at you!
The bolt of electricity hits you!! The mana viper completely misses you.
The shock serpent completely misses you.
There is a staircase back to the Lair here.
Casting: Plasma Beam (dangerous; 9% risk of failure)
Confirm with . or Enter, or press ? or * to list all spells.
Casting: Flame Wave (mildly dangerous; 1% risk of failure)
Press: ? - help, Dir - look around, f - activate You feel a surge of power!
A wave of flame ripples out!
The flame wave engulfs the shock serpent!!
The shock serpent is moderately wounded.
The flame wave engulfs the mana viper!
The mana viper is moderately wounded. (Press . to intensify the flame waves.)
The shock serpent's electric aura discharges, shocking you!
You hear an angry hiss.
You block the mana viper's attack.
The shock serpent shoots out a bolt of lightning at you!
The bolt of electricity hits you!! x2
* * * LOW HITPOINT WARNING * * *
The bolt of electricity hits the shock serpent.
The shock serpent completely resists.
A wave of flame ripples out!
The flame wave engulfs the shock serpent!
The shock serpent is moderately wounded.
The flame wave engulfs the shock serpent!
The shock serpent is heavily wounded.
The flame wave engulfs the mana viper!!
The mana viper is severely wounded.
The shock serpent's electric aura discharges, shocking you!
* * * LOW HITPOINT WARNING * * *
You hear a shout!
The mana viper completely misses you.
The shock serpent shoots out a bolt of lightning at you!
The bolt of electricity hits you!
* * * LOW HITPOINT WARNING * * *
The shock serpent shoots out a bolt of lightning at you!
The bolt of electricity hits you!!
You die...

.... .... ...#
...# # ...#
..#######..[###
...............
#.....S@####
##....S.S.>#
...........#
##.###.........
# ####...#..
....## ....#
#...# ..##


You could see 2 shock serpents and a mana viper.

Vanquished Creatures
  Saint Roka (Orc:2)
  An orc warlord (Orc:2)
  An ettin (Orc:2)
  Josephine (D:11)
  Harold (Lair:2)
  Erolcha (Orc:2)
  A centaur warrior (D:11)
  A boulder beetle (D:11)
  Erica (D:8)
  4 death yaks (Lair:5)
  2 two-headed ogres
  Urug (Lair:5)
  An orc high priest (Orc:2)
  A skyshark (Lair:3)
  Sonja (Lair:2)
  4 orc knights (Orc:2)
  4 orc sorcerers (Orc:2)
  4 manticores
  A wolf spider (Lair:4)
  Maurice (D:11)
  6 black mambas
  7 cane toads
  2 torpor snails
  8 komodo dragons
  2 rime drakes
  3 kobold demonologists (D:9)
  An unseen horror (shapeshifter) (D:10)
  10 trolls
  8 polar bears
  A wind drake (Lair:2)
  3 hornets (Lair:5)
  17 blink frogs
  11 dream sheep
  12 spriggans (Lair:5)
  3 wyverns
  A vampire (D:10)
  5 wraiths
  21 yaks
  2 basilisks
  3 steam dragons
  An acid dragon (D:9)
  8 water moccasins
  32 orc warriors
  3 ice beasts (D:8)
  6 ogres
  6 black bears
  4 boggarts (Lair:5)
  45 wolves
  A centaur (D:5)
  A phantom (D:6)
  Blork the orc (Orc:2)
  A gnoll sergeant (D:10)
  11 bullfrogs
  3 wights (D:5)
  4 killer bees (D:10)
  5 howler monkeys
  3 electric eels
  4 hounds
  2 jellies
  A gnoll bouda (D:7)
  17 orc priests
  Jessica (D:3)
  5 iguanas
  Natasha (thrice) (D:3)
  22 orc wizards
  Robin (D:3)
  18 gnolls
  2 adders
  2 ufetubi
  2 worms (D:2)
  3 dart slugs (D:1)
  81 orcs
  5 ball pythons
  3 endoplasms
  2 giant cockroaches
  16 goblins
  5 hobgoblins
  2 jackals (D:4)
  3 quokkas
  3 bats
  2 frilled lizards
  10 kobolds
  6 rats
  A bush (Lair:5)
516 creatures vanquished.

Vanquished Creatures (collateral kills)
  2 spriggans (Lair:5)
  18 foxfires
20 creatures vanquished.

Vanquished Creatures (others)
  A cane toad (Lair:5)
  A dream sheep (Lair:2)
  A yak (Lair:2)
  A black bear (D:6)
  1622 foxfires
  35 fungi
  59 plants
1720 creatures vanquished.

Grand Total: 2256 creatures vanquished

Notes
Turn   | Place    | Note
-------+----------+-------------------------------------------
     0 | D:1      | retardedninja the Gnoll Fire Elementalist began the quest
                  | for the Orb.
     0 | D:1      | Reached XP level 1. HP: 13/13 MP: 6/6
    90 | D:1      | Reached XP level 2. HP: 19/19 MP: 2/7
   865 | D:1      | Found Tegeafor's Distillery.
   884 | D:1      | Reached skill level 5 in Spellcasting
   884 | D:1      | Reached XP level 3. HP: 25/25 MP: 3/9
  1004 | D:1      | Learned a level 2 spell: Scorch
  1216 | D:1      | Found Boloo's Weapon Emporium.
  1295 | D:1      | Found Luvaijil's Assorted Antiques.
  1514 | D:2      | Reached skill level 1 in Invocations
  1577 | D:2      | Found an ornate altar of the Wu Jian Council.
  2109 | D:2      | Reached skill level 1 in Fighting
  2109 | D:2      | Reached skill level 1 in Short Blades
  2109 | D:2      | Reached skill level 1 in Long Blades
  2109 | D:2      | Reached skill level 1 in Axes
  2109 | D:2      | Reached skill level 1 in Maces & Flails
  2109 | D:2      | Reached skill level 1 in Polearms
  2109 | D:2      | Reached skill level 1 in Staves
  2109 | D:2      | Reached skill level 1 in Ranged Weapons
  2109 | D:2      | Reached skill level 1 in Throwing
  2109 | D:2      | Reached skill level 1 in Armour
  2109 | D:2      | Reached skill level 1 in Shields
  2109 | D:2      | Reached skill level 1 in Unarmed Combat
  2109 | D:2      | Reached skill level 1 in Evocations
  2249 | D:2      | You fall into a shaft and drop 1 floor!
  2532 | D:2      | Reached XP level 4. HP: 29/32 MP: 7/11
  2905 | D:2      | Reached skill level 1 in Hexes
  2905 | D:2      | Reached skill level 1 in Summonings
  2905 | D:2      | Reached skill level 1 in Necromancy
  2905 | D:2      | Reached skill level 1 in Translocations
  2905 | D:2      | Reached skill level 1 in Transmutations
  2905 | D:2      | Reached skill level 1 in Ice Magic
  2905 | D:2      | Reached skill level 1 in Air Magic
  2905 | D:2      | Reached skill level 1 in Earth Magic
  2905 | D:2      | Reached skill level 1 in Poison Magic
  3087 | D:3      | Reached XP level 5. HP: 32/37 MP: 7/12
  3268 | D:3      | Noticed Robin
  3276 | D:3      | Killed Robin
  3704 | D:3      | Noticed Natasha
  3716 | D:3      | Killed Natasha
  3885 | D:3      | Noticed Natasha
  3891 | D:3      | Killed Natasha
  4077 | D:3      | Noticed Natasha
  4085 | D:3      | Killed Natasha
  4192 | D:3      | Reached XP level 6. HP: 44/44 MP: 8/13
  4345 | D:3      | Reached skill level 5 in Dodging
  4451 | D:3      | Noticed Jessica
  4455 | D:3      | Killed Jessica
  4576 | D:3      | Identified the +8 hand axe of Wemmu {pain, Str+2}
  4819 | D:4      | Found a radiant altar of Vehumet.
  4819 | D:4      | Found a shimmering blue altar of Sif Muna.
  4950 | D:4      | Noticed a water moccasin
  4957 | D:4      | Killed a water moccasin
  5180 | D:4      | Reached XP level 7. HP: 42/50 MP: 11/15
  5693 | D:5      | Entered Level 5 of the Dungeon
  5699 | D:5      | Found Yniuxal's Book Shoppe.
  5707 | D:5      | Bought a book of Lightning for 340 gold pieces
  5963 | D:5      | Reached skill level 5 in Stealth
  6563 | D:5      | Reached XP level 8. HP: 58/58 MP: 7/16
  6714 | D:5      | Found a staircase to the Ecumenical Temple.
  6736 | D:5      | Reached skill level 6 in Spellcasting
  6745 | Temple   | Entered the Ecumenical Temple
  6932 | Temple   | Became a worshipper of Cheibriados the Contemplative
  7457 | D:6      | Noticed a troll
  7462 | D:6      | Killed a troll
  7696 | D:6      | Reached XP level 9. HP: 45/65 MP: 1/18
  8116 | D:6      | Found a shadowy altar of Dithmenos.
  8124 | D:6      | Reached * piety under Cheibriados
  8436 | D:7      | Found a transporter.
  8437 | D:7      | Noticed a troll
  9300 | D:7      | Found a transporter.
  9300 | D:7      | Noticed RealBenFromCanada's ghost (novice DrFE)
  9304 | D:7      | Noticed a two-headed ogre
  9762 | D:8      | Noticed Erica
  9770 | D:8      | Learned a level 4 spell: Flame Wave
  9779 | D:8      | Killed Erica
  9780 | D:8      | Reached skill level 7 in Spellcasting
  9780 | D:8      | Reached skill level 5 in Invocations
 10233 | D:8      | Reached skill level 5 in Fighting
 10233 | D:8      | Reached skill level 5 in Short Blades
 10233 | D:8      | Reached skill level 5 in Long Blades
 10233 | D:8      | Reached skill level 5 in Axes
 10233 | D:8      | Reached skill level 5 in Maces & Flails
 10233 | D:8      | Reached skill level 5 in Polearms
 10233 | D:8      | Reached skill level 5 in Staves
 10233 | D:8      | Reached skill level 5 in Ranged Weapons
 10233 | D:8      | Reached skill level 5 in Throwing
 10233 | D:8      | Reached skill level 5 in Armour
 10233 | D:8      | Reached skill level 5 in Shields
 10233 | D:8      | Reached skill level 5 in Unarmed Combat
 10233 | D:8      | Reached skill level 5 in Evocations
 10233 | D:8      | Reached XP level 10. HP: 74/74 MP: 11/20
 10314 | D:8      | Reached ** piety under Cheibriados
 10430 | D:8      | Learned a level 3 spell: Inner Flame
 11069 | D:9      | Noticed a two-headed ogre
 11078 | D:9      | Killed a two-headed ogre
 11079 | D:9      | Reached skill level 5 in Conjurations
 11158 | D:9      | Noticed a manticore
 11165 | D:9      | Killed a manticore
 11896 | D:10     | Entered Level 10 of the Dungeon
 11924 | D:10     | Killed an unseen horror
 12579 | D:10     | Noticed a kobold demonologist
 12583 | D:10     | Noticed a kobold demonologist
 12583 | D:10     | Noticed a kobold demonologist
 12585 | D:10     | Noticed a smoke demon
 12586 | D:10     | HP: 2/76 [smoke demon/divine providence[a kobold
                  | demonologist] (13)]
 13073 | D:10     | Noticed a soul eater
 13081 | D:9      | Killed a kobold demonologist
 13368 | D:9      | Killed a kobold demonologist
 13369 | D:9      | Reached skill level 5 in Hexes
 13369 | D:9      | Reached skill level 5 in Summonings
 13369 | D:9      | Reached skill level 5 in Necromancy
 13369 | D:9      | Reached skill level 5 in Translocations
 13369 | D:9      | Reached skill level 5 in Transmutations
 13369 | D:9      | Reached skill level 5 in Ice Magic
 13369 | D:9      | Reached skill level 5 in Air Magic
 13369 | D:9      | Reached skill level 5 in Earth Magic
 13369 | D:9      | Reached skill level 5 in Poison Magic
 13632 | D:10     | Noticed an orange demon
 13842 | D:9      | Killed a kobold demonologist
 13843 | D:9      | Reached skill level 8 in Spellcasting
 13843 | D:9      | Reached XP level 11. HP: 81/81 MP: 12/23
 14708 | D:11     | Noticed a centaur warrior
 14719 | D:11     | Killed a centaur warrior
 14802 | D:11     | Noticed Maurice
 14813 | D:11     | Reached *** piety under Cheibriados
 14822 | D:11     | Killed Maurice
 14839 | D:11     | Found a flickering gateway to a bazaar.
 14846 | Bazaar   | Entered a bazaar
 15116 | Bazaar   | Found Tooshig's Weapon Shoppe.
 15134 | Bazaar   | Found Ammetwu's Antique Armour Shoppe.
 15153 | Bazaar   | Found Hizameh's Book Shoppe.
 15153 | Bazaar   | Found Xiataess's Antique Armour Emporium.
 15198 | Bazaar   | Bought a warped robe for 102 gold pieces
 15198 | Bazaar   | Identified the +1 robe of the Narrow God {rN+ rCorr Str+2}
                  | (You bought it in a shop in a bazaar)
 15337 | D:11     | Found a staircase to the Orcish Mines.
 15417 | D:11     | Noticed a manticore
 15421 | D:11     | Noticed a manticore
 15428 | D:11     | Killed a manticore
 15435 | D:11     | Killed a manticore
 16193 | D:11     | Reached **** piety under Cheibriados
 16195 | D:11     | Noticed Josephine
 16710 | D:11     | Found a staircase to the Lair.
 16922 | D:11     | Noticed a boulder beetle
 16961 | D:11     | Killed a boulder beetle
 17125 | D:11     | Killed Josephine
 17126 | D:11     | Reached XP level 12. HP: 74/91 MP: 8/24
 17517 | Lair:1   | Entered Level 1 of the Lair of Beasts
 18131 | Lair:1   | Reached skill level 9 in Spellcasting
 18771 | Lair:2   | Reached ***** piety under Cheibriados
 18789 | Lair:2   | Noticed Harold
 18801 | Lair:2   | Killed Harold
 19289 | Lair:2   | Found a staircase to the Shoals.
 19470 | Lair:2   | Noticed Sonja
 20338 | Lair:2   | Killed Sonja
 20840 | Lair:3   | Noticed a skyshark
 20853 | Lair:3   | Reached XP level 13. HP: 47/98 MP: 4/26
 21210 | Lair:3   | Found a staircase to the Snake Pit.
 21888 | Lair:3   | Learned a level 6 spell: Plasma Beam
 22858 | Lair:3   | Reached ****** piety under Cheibriados
 23237 | Lair:4   | Reached skill level 10 in Spellcasting
 24133 | Lair:4   | Reached skill level 10 in Dodging
 24616 | Lair:5   | Entered Level 5 of the Lair of Beasts
 24675 | Lair:5   | Noticed Urug
 24684 | Lair:5   | Killed Urug
 25146 | Lair:5   | Reached skill level 10 in Stealth
 25164 | Lair:5   | Reached skill level 10 in Invocations
 25164 | Lair:5   | Reached XP level 14. HP: 45/108 MP: 22/28
 26036 | Lair:5   | Found a viscous altar of Jiyva.
 26134 | Lair:5   | Found a staircase to the Slime Pits.
 27960 | Orc:1    | Entered Level 1 of the Orcish Mines
 28063 | Orc:1    | Found a shimmering altar of Xom.
 28137 | Orc:1    | Found Bediyr's Vocational Training.
 28574 | Orc:2    | Entered Level 2 of the Orcish Mines
 29061 | Orc:2    | Noticed an orc warlord
 29572 | Orc:2    | Killed an orc warlord
 29579 | Orc:2    | Noticed Erolcha
 29948 | Orc:2    | Killed Erolcha
 30429 | Orc:2    | Noticed Saint Roka
 31067 | Orc:2    | Noticed Blork the orc
 31080 | Orc:2    | Killed Blork the orc
 31738 | Orc:2    | Reached skill level 11 in Spellcasting
 31928 | Orc:2    | Found a staircase to the Elven Halls.
 32208 | Orc:2    | Killed Saint Roka
 32404 | Orc:2    | Reached skill level 10 in Fire Magic
 32725 | Orc:2    | Found Itra's General Store.
 32784 | Orc:2    | Bought a potion of brilliance for 56 gold pieces
 32797 | Orc:2    | Found Leur's Antique Armour Boutique.
 32920 | Orc:2    | Found Nianis's Antique Weapon Boutique.
 32939 | Orc:2    | Found Saumoz's Book Boutique.
 33374 | Snake:1  | Entered Level 1 of the Snake Pit
 33380 | Snake:1  | Killed from afar by a shock serpent

Illustrated notes

Levels and vault maps discovered:
D:1:      roderic_crop_circles_arrival_small, layout_loops_ring, serial_shops,
          shop, nicolae_shop_back_alley_shop, shop, minmay_tall_x
D:2:      layout_basic, serial_bayou_lagoon_a, minmay_hexomino_r4
D:3:      layout_loops_ring, uniq_jessica, uniq_robin, uniq_natasha
D:4:      layout_basic, mainiacjoe_overflow_divided_tiny, serial_bayou_crossing
D:5:      layout_cave_pools, minmay_temple_entry_stoned_glass, serial_shops,
          shop
D:6:      layout_basic, nicolae_dithmenos_the_darkroom
D:7:      layout_cave_pools, gammafunk_ghost_arena
D:8:      layout_cave_pools, hangedman_decor_peaks_small,
          amcnicky_mini_pool_medium, uniq_erica
D:9:      layout_roguey
D:10:     layout_irregular_city
D:11:     layout_roguey [special_room_orc], lair_entry_dummy,
          minmay_orc_entry_temple_small, serial_shops, bzr_entry_dummy,
          uniq_josephine, uniq_maurice
Temple:   nicolae_temple_bog_church
Lair:1:   layout_regular_city, serial_bayou_shore_a
Lair:2:   layout_concentric_octagons, minmay_shoals_entry_beasts,
          beast_lair_carwin_10, grunt_megastairs_2, uniq_harold, uniq_sonja
Lair:3:   layout_cave_pods, dummy_snake_entry, grunt_megastairs_1,
          lemuel_fruit_fields, infiniplex_staircase_pool_2
Lair:4:   layout_cave_pods, gauntlet_entry_generic,
          nicolae_lair_run_with_the_wolves, serial_bayou_shore_b
Lair:5:   minmay_lair_end_enchanted_forest, layout_cave_pods, slime_entry_1,
          chequers_serial_rivers_room_b, uniq_urug
Snake:1:  layout_misc_corridors
Orc:1:    layout_caves, basic_altar, nicolae_shop_vocational
Orc:2:    grunt_orc_cross, layout_caves, abandoned_shop, uniq_erolcha

Skill      XL: |  1  2  3  4  5  6  7  8  9 10 11 12 13 14 |
---------------+-------------------------------------------+-----
Conjurations   | 2 3 4 5 6 7 8 |  8.6
Spellcasting   | 5 6 7 8 9 10 11 | 11.1
Invocations    | 1 2 3 4 5 6 7 8 10 | 10.8
Fighting       | 1 2 3 5 6 7 8 9 |  9.9
Short Blades   | 1 2 3 5 6 7 8 9 |  9.9
Long Blades    | 1 2 3 5 6 7 8 9 |  9.9
Axes           | 1 2 3 5 6 7 8 9 |  9.9
Maces & Flails | 1 2 3 5 6 7 8 9 |  9.9
Polearms       | 1 2 3 5 6 7 8 9 |  9.9
Staves         | 1 2 3 5 6 7 8 9 |  9.9
Ranged Weapons | 1 2 3 5 6 7 8 9 |  9.9
Throwing       | 1 2 3 5 6 7 8 9 |  9.9
Armour         | 1 2 3 5 6 7 8 9 |  9.9
Shields        | 1 2 3 5 6 7 8 9 |  9.9
Unarmed Combat | 1 2 3 5 6 7 8 9 |  9.9
Evocations     | 1 2 3 5 6 7 8 9 |  9.9
Hexes          | 1 2 3 4 5 6 7 8 |  8.3
Summonings     | 1 2 3 4 5 6 7 8 |  8.3
Necromancy     | 1 2 3 4 5 6 7 8 |  8.3
Translocations | 1 2 3 4 5 6 7 8 |  8.3
Transmutations | 1 2 3 4 5 6 7 8 |  8.3
Ice Magic      | 1 2 3 4 5 6 7 8 |  8.3
Air Magic      | 1 2 3 4 5 6 7 8 |  8.3
Earth Magic    | 1 2 3 4 5 6 7 8 |  8.3
Poison Magic   | 1 2 3 4 5 6 7 8 |  8.3
Dodging        | 5 6 7 8 9 10 | 10.9
Stealth        | 5 6 7 8 9 10 | 10.7
Fire Magic     | 6 7 8 9 10 | 10.0

Action                     |  1- 3 |  4- 6 |  7- 9 | 10-12 | 13-15 || total
---------------------------+-------+-------+-------+-------+-------++-------
  Melee: Spear             |       |     7 |    21 |       |       ||    28
         Bite              |       |     5 |     2 |     8 |     8 ||    23
         Punch             |       |       |     1 |     1 |     1 ||     3
         Scimitar          |       |       |       |    38 |    66 ||   104
   Cast: Foxfire           |   127 |    81 |   184 |   138 |   409 ||   939
         Scorch            |       |    30 |    49 |    69 |    80 ||   228
         Flame Wave        |       |       |       |    53 |    52 ||   105
         Plasma Beam       |       |       |       |       |    30 ||    30
  Evoke: Wand              |       |       |     5 |    10 |     4 ||    19
         Phial of floods   |       |       |       |     2 |     2 ||     4
         Box of beasts     |       |       |       |       |     2 ||     2
    Use: Scroll            |       |       |    16 |    21 |     4 ||    41
         Potion            |       |       |       |    12 |     8 ||    20
   Stab: Invisible         |       |       |       |     1 |       ||     1
 Armour: Robe              |     7 |     8 |    23 |   130 |   149 ||   317
  Dodge: Dodged            |    28 |    29 |   127 |   443 |   644 ||  1271
  Block: Other             |       |       |       |    89 |   169 ||   258
         Reflection        |       |       |       |     2 |       ||     2

Table legend: (Time is in decaauts)
 A = Elapsed time spent in this place.
 B = Non-inter-level travel time spent in this place.
 C = Inter-level travel time spent in this place.
 D = Time resting spent in this place.
 E = Time spent auto-exploring this place.
 F = Levels seen in this place.
 G = Mean time per level.
                   A        B        C        D        E       F      G
               +--------+--------+--------+--------+--------+-----+--------+
         Total |  40063 |  38868 |   1195 |  13707 |  19788 |  21 | 1907.8 |
       Dungeon |  18716 |  18244 |    472 |   6309 |   9600 |  11 | 1701.5 |
        Temple |    216 |    194 |     22 |      0 |    158 |   1 |  216.0 |
          Lair |  14113 |  13693 |    420 |   4203 |   7696 |   5 | 2822.6 |
     Snake Pit |      7 |      7 |      0 |      0 |      0 |   1 |    7.0 |
  Orcish Mines |   6524 |   6246 |    278 |   2946 |   2296 |   2 | 3262.0 |
        Bazaar |    484 |    484 |      0 |    249 |     37 |   1 |  484.0 |
               +--------+--------+--------+--------+--------+-----+--------+

Top non-repeatable levels by time:
   Orc:2: 4324 daAuts
  Lair:5: 3747 daAuts
  Lair:3: 3214 daAuts
    D:11: 2977 daAuts
  Lair:4: 2788 daAuts
  Lair:1: 2727 daAuts
     D:9: 2335 daAuts
   Orc:1: 2200 daAuts
    D:10: 2135 daAuts
     D:3: 1738 daAuts
  Lair:2: 1636 daAuts
     D:2: 1541 daAuts
     D:6: 1527 daAuts
     D:7: 1417 daAuts
     D:8: 1363 daAuts
